Cogmind - Beta 16 @@@ ROGUE MODE // 2026.01.07 @ 19:36:07 Player: PE-P51 Result: Self-destructed Performance ------------- Evolutions (6) 3000 Regions Visited (13) 2600 Robots Destroyed (111) 555 Value Destroyed (3717) 3717 Prototype IDs (35) 700 Alien Tech Used (0) 0 Bonus (1759) 1759 TOTAL SCORE: 12331 Bonus ------- High Alert Combat Kills 16 Follower Combat Kills 127 Registered with UFD 300 Met Optimus in HQ 500 Met Warlord at Base 500 MAIN.C Attacked Warlord 500 Warlord Defense Kills 240 Friendly Fire -424 Cogmind --------- Core Integrity 417/1150 Matter 187/300 Energy 100/100 System Corruption 17% Temperature Cool (0) Movement Core (100) Ox1 Location -4/Factory Parts ------- > --- POWER (1) -------- (None) > --- PROPULSION (6) --- (None) > --- UTILITY (10) ----- Experimental Optical Array Advanced Signal Interpreter Advanced Terrain Scan Processor Advanced Salvage Targeting Computer Improved Targeting Computer Experimental Core Analyzer Advanced System Shield > --- WEAPON (2) ------- Companion Sword > --- INVENTORY (5) ---- Advanced Cryofiber Web Medium Storage Unit Advanced Transmission Jammer Experimental Hacking Suite Ghost Barrier Peak State ------------ > --- POWER ------------ Micro Fission Core > --- PROPULSION ------- Makeshift Flight Unit Flightbrick > --- UTILITY ---------- Long-range Sensor Array Advanced Signal Interpreter Advanced Terrain Scanner Advanced Terrain Scan Processor Nanoactuators Improved Transmission Jammer Enhanced Scrap Shield Hacking Suite Hacking Suite Hacking Suite System Shield > --- WEAPON ----------- Companion Sword Vortex Lance > --- INVENTORY -------- Ghost Barrier Cooled Plasma Rifle Enhanced Hardcell Cannon Long-range Missile Launcher CPS Tube [Rating: 122] Favorites ----------- Power Subdweller Power Source Engine Subdweller Power Source Power Core Micro Fission Core Reactor Light Quantum Reactor Propulsion Light Treads Treads Light Treads Leg Aluminum Leg Wheel Wheel Hover Unit Antigrav System Flight Unit Flightbrick Utility Hacking Suite Device Improved Transmission Jammer Storage Cargo Storage Unit Processor Advanced Signal Interpreter Hackware Hacking Suite Protection Enhanced Scrap Shield Weapon Companion Sword Energy Gun Cooled Plasma Rifle Energy Cannon Subdweller Beam Cannon Ballistic Cannon Light Cannon Launcher Long-range Missile Launcher Special Weapon Improved Remote Datajack Slashing Weapon Companion Sword Piercing Weapon Vortex Lance Special Melee Weapon Improved Datajack Build | -11 -10 -10 -7 -5 -5 -5 -5 -5 -5 -4 -4 -4 -4 ------- Run | Yrd Mat Sub Scr Fac Was Fac Upp Upp War Pro Fac Was Fac Slots Evolved 12 | . . . . 10 . . . . . . 2 . . Power . | . . . . . . . . . . . . . . Propulsion 4 | . . . . 3 . . . . . . 1 . . Utility 8 | . . . . 7 . . . . . . 1 . . Weapon . | . . . . . . . . . . . . . . Parts Attached 120 | . 6 19 4 23 2 19 3 2 8 4 22 2 6 Power 13 | . . 5 . 2 . 1 . . . . 4 1 . Engine 6 | . . 5 . 1 . . . . . . . . . Core 4 | . . . . 1 . 1 . . . . 2 . . Reactor 3 | . . . . . . . . . . . 2 1 . Propulsion 26 | . . 4 2 4 1 2 . 1 1 . 11 . . Treads 3 | . . 3 . . . . . . . . . . . Leg . | . . . . . . . . . . . . . . Wheel 4 | . . 1 2 . . 1 . . . . . . . Hover 11 | . . . . . . . . . . . 11 . . Flight 8 | . . . . 4 1 1 . 1 1 . . . . Utility 53 | . 2 3 . 15 1 11 2 . 3 3 6 1 6 Device 27 | . 1 1 . 8 1 7 1 . 2 . 3 . 3 Storage 5 | . 1 1 . . . . . . . 2 . . 1 Processor 12 | . . . . 3 . 2 . . 1 . 3 1 2 Hackware 6 | . . . . 4 . 1 . . . 1 . . . Protection 3 | . . 1 . . . 1 1 . . . . . . Artifact . | . . . . . . . . . . . . . . Weapon 28 | . 4 7 2 2 . 5 1 1 4 1 1 . . Energy Gun 4 | . 1 1 . . . 1 . . 1 . . . . Energy Cannon 4 | . . 3 . 1 . . . . . . . . . Ballistic Gun . | . . . . . . . . . . . . . . Ballistic Cannon 6 | . 3 2 . . . 1 . . . . . . . Launcher 2 | . . . 1 . . 1 . . . . . . . Special Weapon 5 | . . . . . . 2 1 1 1 . . . . Impact Weapon . | . . . . . . . . . . . . . . Slashing Weapon 2 | . . 1 1 . . . . . . . . . . Piercing Weapon 2 | . . . . . . . . . 2 . . . . Special Melee Weapon 3 | . . . . 1 . . . . . 1 1 . . Unidentified Prototypes 8 | . . . 1 . 1 2 1 . 3 . . . . Parts Lost 35 | . . 6 . 1 . 5 . . 1 1 10 1 10 Power 5 | . . 2 . . . . . . . . 1 . 2 Propulsion 16 | . . 2 . . . 1 . . 1 . 7 1 4 Utility 11 | . . . . 1 . 3 . . . 1 2 . 4 Weapon 3 | . . 2 . . . 1 . . . . . . . Highest Loss Streak 10 | . . 2 . 1 . 3 . . 1 1 5 1 10 To Critical Strikes 1 | . . 1 . . . . . . . . . . . Average Backups 11 | . 8 10 24 6 5 4 4 5 4 4 4 5 5 Power 1 | . 1 1 3 . . . . . . . . 1 1 Propulsion 1 | . 3 1 2 . . . . . . . . . . Utility 3 | . 2 3 7 . . . . . 1 4 3 3 4 Weapon 3 | . . 3 7 3 3 2 3 3 2 . . . . Tool/Special . | . . . . . . . . . . . . . . Unused Backups 34 | . 5 4 10 9 . 3 . . . . . . 3 Power 6 | . . . 2 1 . 2 . . . . . . 1 Propulsion 4 | . 1 2 . 1 . . . . . . . . . Utility 8 | . 1 . 5 . . . . . . . . . 2 Weapon 12 | . 3 2 2 5 . . . . . . . . . Tool/Special 4 | . . . 1 2 . 1 . . . . . . . Average Slot Usage (%) 80 | . 99 89 60 72 85 83 75 79 76 82 82 88 85 Engine 6 | . 14 13 . . . . . . . . . . . Core 1 | . . . . 3 5 4 5 5 5 5 2 . . Treads 9 | . . 21 7 . . . . . . . . . . Leg 3 | . 28 5 . . . . . . . . . . . Wheel 4 | . . . 20 . . . . . . . . . . Hover 1 | . . . . . . . . . . . 16 23 19 Flight 2 | . . . . 9 10 9 10 10 8 10 1 . . Device 9 | . . 4 . 23 28 25 20 20 19 20 13 12 12 Storage 7 | . 14 10 14 . . . . . . 3 1 . . Processor 4 | . . . . 14 11 10 10 10 10 10 20 26 26 Hackware 6 | . . . . 9 20 20 20 20 20 22 13 10 9 Protection 3 | . 13 4 . . . 4 4 5 5 1 . . . Energy Cannon 3 | . . 9 . . . . . . . . . . . Ballistic Cannon 9 | . 20 12 14 . . . . . . 3 2 5 4 Slashing Weapon 4 | . . 5 2 5 5 4 5 4 5 4 4 5 5 Peak Build Rating 122 | . 8 21 24 105 111 118 121 121 122 122 120 113 106 Average Rating 49 | . 7 13 17 91 107 111 112 117 115 116 103 104 100 On Entrance 75 | 6 6 8 17 24 105 108 111 113 118 117 116 111 99 Avg Prop Armor Cover (%) 11 | . . 14 16 1 . 7 . . . . 9 . . Naked Turns . | . . . . . . . . . . . . . . Heaviest Build 151 | 14 22 151 148 147 26 33 30 30 41 29 33 36 37 Greatest Support 66 | 20 20 40 22 30 29 30 30 32 32 30 66 54 43 Greatest Overweight (x) 47 | . 1 7 47 6 . 7 . . 1 . 2 . 5 Average Overweight (x) 1 | . . 1 8 . . . . . . . . . . Largest Inventory Capacity 30 | . 10 30 30 30 5 5 5 5 5 5 5 5 10 Average Capacity 14 | . 9 16 30 6 5 5 5 5 5 5 5 5 5 Most Carried 30 | . 10 29 30 28 5 5 5 5 5 5 5 5 9 Average Carried 13 | . 9 13 28 6 5 4 4 5 4 4 4 4 5 Final Capacity 30 | 8 10 30 30 5 5 5 5 5 5 5 5 5 5 Final Carried 28 | 6 10 28 28 5 5 5 5 5 5 5 5 5 5 Class Distribution -------------------- 35% | Hauler-Mutant 26% | Hacker-Ninja 24% | Mutant 4% | Subdweller-Mutant Dominant Class ---------------- Mutant | -10/Materials Mutant | -10/Subcaves Hauler-Mutant | -7/Scraptown Hacker-Ninja | -5/Factory Hacker-Ninja | -5/Waste Hacker-Ninja | -5/Factory Hacker-Ninja | -5/Upper Caves Hacker-Ninja | -5/Upper Caves Hacker-Ninja | -5/Warlord Hacker-Ninja | -4/Proximity Caves Scavenger-Ninja | -4/Factory Scavenger-Scout | -4/Waste Scavenger-Ninja | -4/Factory Resources | -11 -10 -10 -7 -5 -5 -5 -5 -5 -5 -4 -4 -4 -4 ----------- Run | Yrd Mat Sub Scr Fac Was Fac Upp Upp War Pro Fac Was Fac Matter Collected 3677 | 200 282 758 107 216 79 759 124 174 145 173 513 . 147 Remotely . | . . . . . . . . . . . . . . Salvage Created 5595 | . 464 767 . 182 479 2118 60 147 70 367 517 . 424 Parts 277 | . 33 42 . 8 8 106 1 11 12 18 25 . 13 Haulers Intercepted 8 | . 2 . . . . 3 . . . . 1 . 2 Recyclers Shooed 1 | . . . . . . . . . . . 1 . . Parts Field Recycled . | . . . . . . . . . . . . . . Retrieved Matter . | . . . . . . . . . . . . . . Parts Self-Destructed 35 | . . 16 . . . . 1 2 . 16 . . . Prevented 7 | . . . . . . . 6 . . 1 . . . Parts Restored 1 | . . . . . . 1 . . . . . . . Broken 1 | . . . . . . 1 . . . . . . . Kills | -11 -10 -10 -7 -5 -5 -5 -5 -5 -5 -4 -4 -4 -4 ------- Run | Yrd Mat Sub Scr Fac Was Fac Upp Upp War Pro Fac Was Fac Combat Hostiles Destroyed 68 | . 11 16 . 2 . 20 . 3 1 7 6 . 2 Melee 18 | . . . . 2 . 11 . . . 3 1 . 1 Guns 4 | . 2 1 . . . 1 . . . . . . . Cannons 32 | . 9 13 . . . . . . . 4 5 . 1 AOE 10 | . . . . . . 7 . 3 . . . . . Classes Destroyed 20 | . 7 4 . . . 6 . 2 1 . . . . Worker 8 | . 1 . . 1 . 6 . . . . . . . Builder 4 | . . . . . . 4 . . . . . . . Tunneler 2 | . 1 . . . . . . . . . 1 . . Hauler 8 | . 2 . . . . 3 . . . . 1 . 2 Recycler 8 | . . . . . . 6 . . . . 1 . 1 Minesweeper 2 | . . . . . . . . 1 . 1 . . . Operator 2 | . 1 . . 1 . . . . . . . . . Turret 2 | . . 2 . . . . . . . . . . . Watcher 7 | . 2 . . 3 . 1 . . . . 1 . . Swarmer 21 | . 3 1 . 2 . 8 . 3 . 4 . . . Grunt 10 | . 8 2 . . . . . . . . . . . Brawler 3 | . . . . . . 3 . . . . . . . Sentry 3 | . . . . . . 1 . . . 1 1 . . Hunter 2 | . . . . . . 1 . . . 1 . . . Programmer 15 | . . . . . . 7 . . . 1 5 . 2 Executioner 1 | . . . . . . . . . 1 . . . . Artisan 2 | . . 2 . . . . . . . . . . . Cobbler 1 | . . 1 . . . . . . . . . . . Subdweller 13 | . . 13 . . . . . . . . . . . Decomposer 3 | . . . . . . . 2 1 . . . . . Samaritan 2 | . . . . . . . . 2 . . . . . Best Kill Streak 7 | . 5 2 . 2 . 7 . 3 1 4 2 . 1 Combat Bots Only 5 | . 5 2 . 1 . 5 . 3 1 4 2 . 1 Max Kills in Single Turn 5 | . 2 1 . 1 . 5 1 2 1 1 1 . 1 Gunslinging . | . . . . . . . . . . . . . . Exploded 4 | . . . . . . 4 . 2 . . . . . Melee 1 | . . . . 1 . 1 . . . 1 1 . 1 Uniques/NPCs Destroyed . | . . . . . . . . . . . . . . Combat | -11 -10 -10 -7 -5 -5 -5 -5 -5 -5 -4 -4 -4 -4 -------- Run | Yrd Mat Sub Scr Fac Was Fac Upp Upp War Pro Fac Was Fac Hostile Shots Fired 473 | . 30 89 . 28 . 88 . 25 35 63 55 1 59 Missed 167 | . 11 34 . 12 . 40 . 14 13 13 14 . 16 Hits 306 | . 19 55 . 16 . 48 . 11 22 50 41 1 43 Melee 4 | . . . . . . 3 . . . . . 1 . Projectile 302 | . 19 55 . 16 . 45 . 11 22 50 41 . 43 AOE 4 | . . 1 . . . 1 . . . . 2 . . Critical Strikes 18 | . . 2 . . . 4 . . 2 1 2 . 7 Part Disruptions 3 | . . . . . . . . . 2 . . . 1 Damage Taken 6662 | . 200 1371 . 311 8 1066 . 188 371 833 1471 35 808 Core 1273 | . 10 236 . 40 8 124 . . 51 71 276 35 422 Absorbed by Shields 54 | . . . . 24 . . . . 30 . . . . Regen/Repaired (Parts) 168 | . . . . . . 168 . . . . . . . Core Remaining (%) 57 | 100 . . 1 . . . . . . 70 . . . Volleys Fired 286 | . 33 158 . . . 40 2 6 1 10 24 . 12 Largest 2 | . 2 2 . . . 1 1 1 1 2 1 . 1 Hottest 160 | . 90 160 . . . 90 58 58 . 58 58 . 58 Shots Fired 448 | . 66 282 . . . 41 2 6 1 12 25 1 12 Gun 49 | . 10 20 . . . 19 . . . . . . . Cannon 389 | . 56 262 . . . 19 1 2 . 11 25 1 12 Launcher 6 | . . . . . . 2 . 4 . . . . . Special 4 | . . . . . . 1 1 . 1 1 . . . Kinetic 247 | . 56 131 . . . 8 1 2 . 11 25 1 12 Thermal 192 | . 10 151 . . . 30 1 . . . . . . Explosive 6 | . . . . . . 2 . 4 . . . . . Electromagnetic . | . . . . . . . . . . . . . . Robot Hit Streak 19 | . 8 15 . . . 4 . 2 2 4 12 . 19 Robot Miss Streak 4 | . 3 4 . . . 2 . 1 . 1 1 . . Penetration Max . | . . . . . . . . . . . . . . Secondary Targets . | . . . . . . . . . . . . . . Shots Hit Robots 299 | . 39 91 . 13 10 66 2 5 1 22 33 . 17 Core Hits 128 | . 21 29 . 5 3 38 1 7 . 8 10 . 6 Critical Kills 3 | . . 3 . . . . . . . . . . . Critical Parts Destroyed . | . . . . . . . . . . . . . . Critical Strikes 17 | . 2 6 . 2 . 1 . . . 1 2 . 3 Burn 1 | . . . . . . 1 . . . . . . . Meltdown 2 | . . 2 . . . . . . . . . . . Destroy 1 | . . 1 . . . . . . . . . . . Blast 9 | . 2 3 . . . . . . . 1 2 . 1 Melee Attacks 395 | . . 94 . 46 11 135 4 5 . 33 40 . 27 Impact . | . . . . . . . . . . . . . . Slashing 393 | . . 94 . 45 11 135 4 5 . 33 39 . 27 Piercing . | . . . . . . . . . . . . . . Sneak Attacks 44 | . . 3 . 2 . 24 2 3 . 2 5 . 3 Combat Hostiles 5 | . . . . . . 3 . . . 1 1 . . Follow-up Attacks 2 | . . . . 1 . 1 . . . . . . . Damage Inflicted 13017 | . 700 2171 . 678 566 4243 187 816 . 1086 1670 . 900 Guns 548 | . 105 45 . . . 398 . . . . . . . Cannons 4269 | . 575 1957 . . . 83 . . . 298 967 . 389 Explosions 1043 | . . . . . . 509 . 534 . . . . . Melee 7137 | . . 169 . 678 566 3253 187 282 . 788 703 . 511 Ramming 20 | . 20 . . . . . . . . . . . . Kinetic 3048 | . 575 736 . . . 83 . . . 298 967 . 389 Thermal 1769 | . 105 1266 . . . 398 . . . . . . . Explosive 1043 | . . . . . . 509 . 534 . . . . . Electromagnetic . | . . . . . . . . . . . . . . Impact . | . . . . . . . . . . . . . . Slashing 7137 | . . 169 . 678 566 3253 187 282 . 788 703 . 511 Piercing . | . . . . . . . . . . . . . . Highest Corruption 17 | . . 6 . . . 13 6 3 3 2 4 11 17 Average Corruption 5 | . . 6 . . . 6 3 3 3 1 3 8 11 Corruption Purged 10 | . . . . . . 7 3 . . . . . . Corruption Blocked 6 | . . . . 4 . . . . . . . 2 . Effects 154 | . . 13 . . . 63 15 17 . 7 13 2 24 Message Errors 38 | . . 1 . . . 14 4 7 . 1 3 . 8 Matter Fused 42 | . . 2 . . . 20 3 6 . 1 3 1 6 Heat Flow Errors 19 | . . 4 . . . 7 3 1 . 1 3 . . Energy Discharges 18 | . . 2 . . . 9 . 2 . 1 2 . 2 Parts Rejected 3 | . . . . . . 1 . . . . 1 . 1 Parts Fused 2 | . . . . . . 1 . . . . . . 1 Data Loss (minor) 21 | . . 3 . . . 9 3 1 . 1 . . 4 Data Loss (major) 2 | . . . . . . . 1 . . 1 . . . Misfires 5 | . . . . . . 1 . . . 1 1 1 1 Alerts 2 | . . 1 . . . . 1 . . . . . . Misdirections 1 | . . . . . . 1 . . . . . . . Weapon Failures 1 | . . . . . . . . . . . . . 1 Overload Shots 10 | . . . . . . 10 . . . . . . . Effects 1 | . . . . . . 1 . . . . . . . Short Circuit 1 | . . . . . . 1 . . . . . . . Overflow Damage 1549 | . 8 41 . 131 46 628 73 113 . 286 150 . 73 Projectiles 184 | . 8 4 . . . . . . . 50 49 . 73 Explosions 90 | . . . . . . 21 . 69 . . . . . Melee 1275 | . . 37 . 131 46 607 73 44 . 236 101 . . Knockbacks 27 | . 5 8 . . . . . . . 1 9 . 4 Impact . | . . . . . . . . . . . . . . Kinetic 26 | . 5 8 . . . . . . . 1 8 . 4 Secondary 1 | . . . . . . . . . . . 1 . . Self-Inflicted Damage . | . . . . . . . . . . . . . . Shots . | . . . . . . . . . . . . . . Rammed . | . . . . . . . . . . . . . . Targets Rammed 3 | . 3 . . . . . . . . . . . . Kicked 3 | . 3 . . . . . . . . . . . . Crushed . | . . . . . . . . . . . . . . Highest Temperature 282 | . 117 282 . . . 254 227 203 257 121 211 38 46 Average Temperature 57 | . 22 64 . . . 74 99 77 124 36 45 12 12 Received Heat Transfer 542 | . 87 243 . . . 72 . 21 68 18 33 . . Effects 1 | . . 1 . . . . . . . . . . . Interference 1 | . . 1 . . . . . . . . . . . Siege Activations . | . . . . . . . . . . . . . . Martial Activations . | . . . . . . . . . . . . . . Shielding Activations . | . . . . . . . . . . . . . . Robots Disrupted . | . . . . . . . . . . . . . . Combat Hostiles . | . . . . . . . . . . . . . . Robots Corrupted . | . . . . . . . . . . . . . . Combat Hostiles . | . . . . . . . . . . . . . . Parts Fried 1 | . . . . . . 1 . . . . . . . Impact Corruptions . | . . . . . . . . . . . . . . Robots Melted 3 | . . 2 . . . 1 . . . . . . . Combat Hostiles 3 | . . 2 . . . 1 . . . . . . . Parts Melted 16 | . 2 9 . . . 5 . . . . . . . Heat Transferred 2683 | . 285 1678 . . . 720 . . . . . . . Parts Sabotaged . | . . . . . . . . . . . . . . Parts Stolen . | . . . . . . . . . . . . . . Parts Stripped . | . . . . . . . . . . . . . . Power Chain Reactions . | . . . . . . . . . . . . . . Alert | -11 -10 -10 -7 -5 -5 -5 -5 -5 -5 -4 -4 -4 -4 ------- Run | Yrd Mat Sub Scr Fac Was Fac Upp Upp War Pro Fac Was Fac Maximum Alert Level 2 | . . . . . . 2 . . . . . . . Low Security (%) 88 | . 100 . . 100 100 71 . . . . 100 100 100 Level 1 10 | . . . . . . 24 . . . . . . . Level 2 1 | . . . . . . 3 . . . . . . . Level 3 . | . . . . . . . . . . . . . . Level 4 . | . . . . . . . . . . . . . . Level 5 . | . . . . . . . . . . . . . . High Security . | . . . . . . . . . . . . . . Max Security . | . . . . . . . . . . . . . . Peak Influence 421 | . 167 . . 169 56 421 . . . . 65 5 45 Initial 56 | . . . . . 56 . . . . . . 5 . Average 76 | . 54 . . 56 13 133 . . . . 12 2 3 Influence Increases 3243 | . 396 125 . 406 . 1058 . 230 332 170 349 2 175 Destroy 0b10 Robot/C 1260 | . 220 100 . 40 . 400 . 60 140 140 120 . 40 Destroy 0b10 Robot/NC 215 | . 35 . . 25 . 100 . 5 5 10 20 . 15 Destroy Leader 230 | . 58 10 . 6 . 68 . . . 20 44 . 24 Allied During Kill 37 | . . . . . . 15 . . 22 . . . . Successful Hack 233 | . 51 . . 73 . 104 . . . . 5 . . Select Force Hacks 30 | . 30 . . . . . . . . . . . . Disable Machine 135 | . . . . 15 . 15 . . . . 45 . 60 Destroy Structure 368 | . 2 . . 52 . 236 . . . . 40 2 36 Partial Spotted 45 | . . . . . . 45 . . . . . . . Lose Combat Pursuer 690 | . . 15 . 195 . 75 . 165 165 . 75 . . Influence Decreases 3213 | . 369 117 35 245 161 648 410 225 283 224 333 18 145 Entered New Map 376 | . . 14 35 . 105 . 152 . 5 54 . 11 . Time Decay 2567 | . 369 83 . 225 56 584 258 225 188 170 295 7 107 Lost Part 166 | . . 20 . 10 . 50 . . 10 . 38 . 38 Lost Ally 104 | . . . . 10 . 14 . . 80 . . . . Squads Dispatched 28 | . 3 . . 4 . 14 . . . . 5 . 2 Investigation 8 | . 3 . . . . 5 . . . . . . . Extermination 16 | . . . . 3 . 7 . . . . 4 . 2 Reinforcement 4 | . . . . 1 . 2 . . . . 1 . . Assault . | . . . . . . . . . . . . . . Garrison . | . . . . . . . . . . . . . . Intercept . | . . . . . . . . . . . . . . Searches Triggered . | . . . . . . . . . . . . . . Construction Impeded . | . . . . . . . . . . . . . . Haulers Reinforced 1 | . . . . . . 1 . . . . . . . Active Scanning Responses . | . . . . . . . . . . . . . . Cargo Convoy Interrupts . | . . . . . . . . . . . . . . Stealth | -11 -10 -10 -7 -5 -5 -5 -5 -5 -5 -4 -4 -4 -4 --------- Run | Yrd Mat Sub Scr Fac Was Fac Upp Upp War Pro Fac Was Fac Distress Signals 11 | . 4 . . . . 1 . . 4 . 2 . . Communications Jammed 18 | . . . . . . 1 . . . . 17 . . Distress Signals 2 | . . . . . . 1 . . . . 1 . . Times Spotted 163 | . 21 19 . 17 . 38 . 8 24 6 18 6 6 Peak Tracking Total 13 | . 6 2 . 6 . 8 . 13 13 4 7 6 5 Tactical Retreats 21 | . . 1 . 5 . 3 . 4 4 . 4 . . Traps | -11 -10 -10 -7 -5 -5 -5 -5 -5 -5 -4 -4 -4 -4 ------- Run | Yrd Mat Sub Scr Fac Was Fac Upp Upp War Pro Fac Was Fac Traps Triggered 19 | . 1 2 . 3 . 6 . . 1 . 3 . 3 Indirectly . | . . . . . . . . . . . . . . Trap Hack Attempts . | . . . . . . . . . . . . . . Triggered . | . . . . . . . . . . . . . . Disarmed 5 | . . . . . . 5 . . . . . . . Reprogrammed . | . . . . . . . . . . . . . . Reused . | . . . . . . . . . . . . . . Traps Extracted . | . . . . . . . . . . . . . . Installed . | . . . . . . . . . . . . . . Triggered . | . . . . . . . . . . . . . . Machines | -11 -10 -10 -7 -5 -5 -5 -5 -5 -5 -4 -4 -4 -4 ---------- Run | Yrd Mat Sub Scr Fac Was Fac Upp Upp War Pro Fac Was Fac Machines Disabled 12 | . . 2 . 1 . 1 . . 1 . 3 . 4 Max in Single Turn 1 | . . 1 . 1 . 1 . . 1 . 1 . 1 Garrison Access 1 | . . . . . . 1 . . . . . . . Machines Repaired . | . . . . . . . . . . . . . . Machines Dismantled 1 | . . . . . . . . . 1 . . . . Machines Sabotaged . | . . . . . . . . . . . . . . Overloaded Fab Kills . | . . . . . . . . . . . . . . Hacking | -11 -10 -10 -7 -5 -5 -5 -5 -5 -5 -4 -4 -4 -4 --------- Run | Yrd Mat Sub Scr Fac Was Fac Upp Upp War Pro Fac Was Fac Machines Accessed 67 | . 9 2 5 8 . 26 1 1 4 . 7 . 4 Terminals 23 | . 7 . . 4 . 9 . . . . 2 . 1 Fabricators 9 | . . . . 2 . 5 . . . . 1 . 1 Repair Stations 6 | . 1 . . . . 4 . . . . 1 . . Recycling Units 8 | . 1 . . . . 4 . . . . 2 . 1 Scanalyzers 7 | . . . . 2 . 3 . . . . 1 . 1 Garrison Access 1 | . . . . . . 1 . . . . . . . Total Hacks 190 | . 23 5 17 18 . 82 1 1 10 . 20 . 13 Successful 123 | . 14 5 17 10 . 53 1 1 10 . 9 . 3 Failed 67 | . 9 . . 8 . 29 . . . . 11 . 10 Catastrophic 10 | . 3 . . 1 . 2 . . . . 3 . 1 Database Lockouts . | . . . . . . . . . . . . . . Manual 59 | . 18 . . 8 . 28 . . . . 3 . 2 Terminals 70 | . 19 . . 12 . 29 . . . . 6 . 4 Fabricators 27 | . . . . 3 . 19 . . . . 1 . 4 Repair Stations 19 | . 3 . . . . 13 . . . . 3 . . Recycling Units 12 | . 1 . . . . 6 . . . . 4 . 1 Scanalyzers 27 | . . . . 3 . 14 . . . . 6 . 4 Garrison Access 1 | . . . . . . 1 . . . . . . . Terminal Hacks 51 | . 2 5 17 2 . 12 1 1 10 . 1 . . Record 24 | . . 4 16 . . . . . 4 . . . . Part Schematic 2 | . . . . . . 2 . . . . . . . Robot Analysis 1 | . 1 . . . . . . . . . . . . Prototype ID Bank 4 | . . . . . . . . . 4 . . . . Open Door 5 | . . . 1 . . . 1 1 2 . . . . Branch Access Points 2 | . . . . 1 . 1 . . . . . . . Machine Index 1 | . . . . . . 1 . . . . . . . Locate Traps 2 | . . . . . . 1 . . . . 1 . . Disarm Traps 1 | . . . . . . 1 . . . . . . . Dispatch Records 2 | . . . . . . 2 . . . . . . . Patrol Status 1 | . . . . . . 1 . . . . . . . Recall Investigation 1 | . . . . . . 1 . . . . . . . Recall Extermination 2 | . . . . . . 2 . . . . . . . Hauler Manifests 1 | . 1 . . . . . . . . . . . . Zone Layout 1 | . . . . 1 . . . . . . . . . Proto ID Catalog 1 | . . 1 . . . . . . . . . . . Fabricator Hacks 11 | . . . . 2 . 7 . . . . 1 . 1 Network Status 4 | . . . . 1 . 2 . . . . 1 . . Load Schematic 3 | . . . . . . 3 . . . . . . . Build 4 | . . . . 1 . 2 . . . . . . 1 Repair Station Hacks 13 | . 1 . . . . 10 . . . . 2 . . Scan Component 6 | . . . . . . 5 . . . . 1 . . Repair 6 | . . . . . . 5 . . . . 1 . . Refit 1 | . 1 . . . . . . . . . . . . Recycling Unit Hacks 3 | . . . . . . 1 . . . . 1 . 1 Retrieve Components 3 | . . . . . . 1 . . . . 1 . 1 Scanalyzer 18 | . . . . 2 . 12 . . . . 4 . . Insert Component 8 | . . . . . . 5 . . . . 3 . . Analyze 7 | . . . . . . 6 . . . . 1 . . Retrieve Study 3 | . . . . 2 . 1 . . . . . . . Garrison Access Hacks 1 | . . . . . . 1 . . . . . . . Seal Access 1 | . . . . . . 1 . . . . . . . Unauthorized Hacks 26 | . 11 . . 4 . 10 . . . . . . 1 Terminals 16 | . 10 . . 3 . 2 . . . . . . 1 Assimilate 2 | . . . . 1 . 1 . . . . . . . Botnet 5 | . 3 . . 1 . 1 . . . . . . . Operators 1 | . . . . . . . . . . . . . 1 Skim 8 | . 7 . . 1 . . . . . . . . . Fabricators 5 | . . . . 1 . 4 . . . . . . . Liberate 2 | . . . . . . 2 . . . . . . . Haulers 2 | . . . . 1 . 1 . . . . . . . Recompile 1 | . . . . . . 1 . . . . . . . Repair Stations . | . . . . . . . . . . . . . . Recycling Units 5 | . 1 . . . . 4 . . . . . . . Recyclers 1 | . . . . . . 1 . . . . . . . Tunnel 1 | . 1 . . . . . . . . . . . . Fedlink 3 | . . . . . . 3 . . . . . . . Scanalyzers . | . . . . . . . . . . . . . . Garrison Access . | . . . . . . . . . . . . . . Data Cores Recovered 2 | . 1 . . 1 . . . . . . . . . Used . | . . . . . . . . . . . . . . Hacking Detections 41 | . 8 . . 8 . 17 . . . . 6 . 2 Full Trace Events 3 | . 2 . . . . 1 . . . . . . . Feedback Events . | . . . . . . . . . . . . . . Feedback Blocked . | . . . . . . . . . . . . . . Robot Schematics Acquired . | . . . . . . . . . . . . . . Robots Built . | . . . . . . . . . . . . . . Authchips . | . . . . . . . . . . . . . . Time . | . . . . . . . . . . . . . . Total Robot Build Rating . | . . . . . . . . . . . . . . Part Schematics Acquired 7 | . . . . . . 6 . . . . 1 . . Parts Built 5 | . . . . 2 . 3 . . . . . . . Authchips 1 | . . . . . . 1 . . . . . . . Time 245 | . . . . 46 . 82 . . . . . . 117 Total Part Build Rating 35 | . . . . 18 . 17 . . . . . . . Part Studies Acquired 3 | . . . . 2 . 1 . . . . . . . Parts Repaired 5 | . . . . . . 5 . . . . . . . Time 295 | . . . . . . 221 . . . . 74 . . Parts Recycled . | . . . . . . . . . . . . . . Recycled Matter . | . . . . . . . . . . . . . . Retrieved Matter . | . . . . . . . . . . . . . . Retrieved Components 3 | . . . . . . 1 . . . . 1 . 1 Parts Scanalyzed 5 | . . . . . . 4 . . . . 1 . . Part Schematics Acquired 5 | . . . . . . 4 . . . . 1 . . Parts Damaged . | . . . . . . . . . . . . . . Bothacking | -11 -10 -10 -7 -5 -5 -5 -5 -5 -5 -4 -4 -4 -4 ------------ Run | Yrd Mat Sub Scr Fac Was Fac Upp Upp War Pro Fac Was Fac Used RIF Installer . | . . . . . . . . . . . . . . Robots Hacked 1 | . . . . 1 . . . . . . . . . Non-combat 1 | . . . . 1 . . . . . . . . . Combat . | . . . . . . . . . . . . . . Robot Hacks Applied 1 | . . . . 1 . . . . . . . . . find_chute 1 | . . . . 1 . . . . . . . . . Relay Couplers Released . | . . . . . . . . . . . . . . Fabnet Peak Effective % . | . . . . . . . . . . . . . . Robots Rewired 5 | . . . . . . . . . 5 . . . . Allies Hacked 1 | . . . . . . 1 . . . . . . . Hacks Repelled . | . . . . . . . . . . . . . . Allies | -11 -10 -10 -7 -5 -5 -5 -5 -5 -5 -4 -4 -4 -4 -------- Run | Yrd Mat Sub Scr Fac Was Fac Upp Upp War Pro Fac Was Fac Total Allies 11 | . . . . 1 . 4 . . 5 . . 1 . Largest Group 5 | . . . . 1 . 3 . . 5 1 . 1 . Highest-Rated Group 244 | . . . . 26 . 90 . . 244 64 . 46 . Highest-Rated Ally 64 | . . . . 26 . 30 . . 64 64 . 46 . Total Orders 3 | . . . . . . 2 . . . . . . 1 STAY 1 | . . . . . . 1 . . . . . . . EXPLORE 2 | . . . . . . 1 . . . . . . 1 Ally Attacks 36 | . . . . . . 8 . . 24 . . 4 . Total Damage 1492 | . . . . . . 224 . . 1155 . . 113 . Kills 7 | . . . . . . . . . 7 . . . . Allies Corrupted . | . . . . . . . . . . . . . . Allies Melted . | . . . . . . . . . . . . . . Intel | -11 -10 -10 -7 -5 -5 -5 -5 -5 -5 -4 -4 -4 -4 ------- Run | Yrd Mat Sub Scr Fac Was Fac Upp Upp War Pro Fac Was Fac Active Infowar (turns) 13575 | . 4 3443 . 697 270 3092 705 689 1153 1781 1140 45 556 Optics 1347 | . . . . . . . . . . . 746 45 556 Sensors 12749 | . 4 3432 . 697 270 3028 705 689 920 1526 915 45 518 Terrain 8002 | . . . . 133 270 2244 705 689 1153 1672 547 45 544 Seismic 25 | . . 11 . 14 . . . . . . . . . Jamming 965 | . . . . 112 . 156 . 1 . 320 290 . 86 ECM 1 | . . . . . . . . . . . . . 1 Robot Analysis Total 1 | . 1 . . . . . . . . . . . . Derelict Logs Recovered 14 | . . 3 5 . . . 2 2 . 2 . . . Drone Launches 2 | . . . . . . 1 . . . . . . 1 Drone Recoveries . | . . . . . . . . . . . . . . Exploration | -11 -10 -10 -7 -5 -5 -5 -5 -5 -5 -4 -4 -4 -4 ------------- Run | Yrd Mat Sub Scr Fac Was Fac Upp Upp War Pro Fac Was Fac Turns Passed 28609 | . 1629 10586 6093 732 270 3195 705 689 1153 1781 1175 45 556 Spaces Moved 18156 | 1 834 4412 2065 1114 474 3094 851 865 1495 1356 1070 91 434 Core 122 | . . . 105 . . 2 . . . . 14 . 1 Treads 3274 | . . 3274 . . . . . . . . . . . Legs 1787 | 1 834 952 . . . . . . . . . . . Wheels 2189 | . . 186 1960 16 . 27 . . . . . . . Hover 1157 | . . . . . . . . . . . 633 91 433 Flight 9627 | . . . . 1098 474 3065 851 865 1495 1356 423 . . Fastest Speed 32 | 120 120 160 175 32 32 32 37 37 37 37 37 40 43 Average Speed 118 | 120 161 217 291 34 32 38 37 43 52 37 49 41 44 Slowest Speed 2400 | 120 190 720 2400 175 32 400 37 44 109 37 150 43 300 Overloaded Moves . | . . . . . . . . . . . . . . Propulsion Burnouts . | . . . . . . . . . . . . . . Robots Hopped 10 | . . . . . 1 7 . . 2 . . . . Potential Cave-ins 10 | . . 10 . . . . . . . . . . . Cave-ins Triggered 1 | . . 1 . . . . . . . . . . . Exploration Rate (%) 67 | 2 97 98 88 21 92 51 90 88 91 97 26 91 18 Regions Visited 13 Branch Regions 6 Pre-discovered Areas 10 | . 2 3 3 . . 1 . 1 . . . . . Known Exits Taken 5 | . . . . . . 1 1 1 1 1 . . . Unknown Exits Taken 4 | 1 1 1 1 . . . . . . . . . . Scrap Searched 35 | . . 16 9 . . . 4 2 . 4 . . . Spaces Dug 212 | . . 41 . 26 . 85 3 16 . 7 18 . 16 Terrain Destroyed 320 | . . 63 . 26 . 124 3 52 . 11 21 1 19 Melee 166 | . . 27 . 26 . 70 2 2 . 7 17 . 15 Projectile 75 | . . 36 . . . 23 1 2 . 4 4 1 4 AOE 79 | . . . . . . 31 . 48 . . . . . Terrain Rammed . | . . . . . . . . . . . . . . Walls Destroyed . | . . . . . . . . . . . . . . Machines Disabled . | . . . . . . . . . . . . . . Actions | -11 -10 -10 -7 -5 -5 -5 -5 -5 -5 -4 -4 -4 -4 --------- Run | Yrd Mat Sub Scr Fac Was Fac Upp Upp War Pro Fac Was Fac Total 24345 | . 1047 4979 2147 1402 587 4895 1231 1156 1847 2592 1623 96 743 Wait 5076 | . 156 239 42 198 100 1558 364 274 306 1183 439 1 216 Move 18127 | . 833 4410 2064 1114 471 3081 850 864 1491 1355 1070 90 434 Hop 7 | . . . . . 1 5 . . 1 . . . . Pick Up 73 | . 7 27 17 1 . 10 . . 6 . 1 . 4 Fast Attach 68 | . 1 3 2 10 . 16 2 1 3 4 22 2 2 Attach 31 | . 1 5 . 10 . 3 2 . 2 2 3 . 3 Detach 13 | . 2 . 2 . . 1 2 . . 2 2 1 1 Swap 106 | . 4 19 3 5 4 35 2 5 10 2 11 1 5 Drop 95 | . 7 15 16 19 1 12 2 . 8 1 11 1 2 Fire 286 | . 33 158 . . . 40 2 6 1 10 24 . 12 Melee 392 | . . 94 . 45 10 134 4 5 . 33 40 . 27 Ram . | . . . . . . . . . . . . . . Kick 3 | . 3 . . . . . . . . . . . . Crush . | . . . . . . . . . . . . . . Escape Stasis 38 | . . 1 . . . . . . . . . . 37 Rewire 12 | . . . 1 . . . . . 11 . . . . Trap . | . . . . . . . . . . . . . . Miscellaneous 18 | . . 8 . . . . 1 1 8 . . . . Route ------- -11/Scrapyard -10/Materials (discovered 6 exits: [*Mat x3] / [*Min x2] / *Sub) -10/Subcaves (discovered 4 exits: [*Mat x2] / *Rec / *Scr) -7/Scraptown -5/Factory (discovered 4 exits: Upp x2 / Ext x2) -5/Waste -5/Factory (discovered 4 exits: *Upp x2 / *Ext x2) -5/Upper Caves -5/Upper Caves -5/Warlord -4/Proximity Caves -4/Factory (discovered 4 exits: *Res x2 / [Upp] / Arm) -4/Waste -4/Factory (discovered 1 exit: *Res) History --------- Turn | Location | Event 1 | -11/Scrapyard | Discovered new exit (range 0) 1 | -11/Scrapyard | Entered Materials 74 | -10/Materials | Discovered new exit (range 15) 111 | -10/Materials | Discovered new exit (range 6) 165 | -10/Materials | Discovered new exit (range 16) 312 | -10/Materials | Build established: Mutant 402 | -10/Materials | Discovered new exit (range 14) 1160 | -10/Materials | Discovered new exit (range 9) 1447 | -10/Materials | Loaded intel: 8 trap records 1483 | -10/Materials | Discovered new exit (range 8) 1488 | -10/Materials | Loaded intel: 8 terminal locations 1541 | -10/Materials | Learned Storage trap positions 1551 | -10/Materials | Learned 4 Subcaves zone layouts 1562 | -10/Materials | Loaded intel: 2 recycling unit locations 1580 | -10/Materials | Learned Materials stockpile data 1630 | -10/Materials | Entered Subcaves 1631 | -10/Subcaves | Approached by a straggling Scientist 1714 | -10/Subcaves | Learned location of Storage (-7) 1758 | -10/Subcaves | A swath of the cavern ceiling suddenly collapsed 1825 | -10/Subcaves | Disturbed a concealed Subdweller 1980 | -10/Subcaves | Visited Clippyterm 1986 | -10/Subcaves | Identified exit to Recycling 1986 | -10/Subcaves | Learned location of Section 7 (-2) 2412 | -10/Subcaves | Shifting Twisted Machinery released Piercing Trap 2603 | -10/Subcaves | Shifting Twisted Machinery released Enh. Flamer 3917 | -10/Subcaves | Learned location of Zion (-7) 3917 | -10/Subcaves | Met a Zionite searching for "candidates" 4342 | -10/Subcaves | Shifting Twisted Machinery released Battle Cannon 4414 | -10/Subcaves | Core integrity fell below 50% 4737 | -10/Subcaves | Discovered new exit (range 12) 4825 | -10/Subcaves | Learned Materials stockpile data 4976 | -10/Subcaves | Shifting Twisted Machinery released Sub. Optics 4978 | -10/Subcaves | Discovered new exit (range 5) 4980 | -10/Subcaves | Shifting Twisted Machinery released Sub. Power Source 5078 | -10/Subcaves | Visited 4L-MR0's lab 5506 | -10/Subcaves | Build established: Subdweller-Mutant 5844 | -10/Subcaves | A swath of the cavern ceiling suddenly collapsed 5950 | -10/Subcaves | Learned Materials non-interactive machine intel 6064 | -10/Subcaves | Ambushed by angry Subdweller bent on revenge 6201 | -10/Subcaves | Build established: Mutant 6891 | -10/Subcaves | Build established: Subdweller-Mutant 7415 | -10/Subcaves | Build established: Mutant 8152 | -10/Subcaves | Found Flightbrick 8433 | -10/Subcaves | Build established: Hauler-Mutant 11841 | -10/Subcaves | Crushed by falling debris 11842 | -10/Subcaves | Core integrity fell below 20% 12216 | -10/Subcaves | Entered Scraptown 12216 | -7/Scraptown | System corruption cleaned by C-Scrubber 12384 | -7/Scraptown | Scanned Subdweller tech in exchange for log data 12387 | -7/Scraptown | Learned Factory emergency access door positions 12389 | -7/Scraptown | Learned Research emergency access door positions 12393 | -7/Scraptown | Learned Factory garrison access intel 12395 | -7/Scraptown | Learned Factory stockpile data 15602 | -7/Scraptown | Visited Fellowship of the Rings 15626 | -7/Scraptown | Visited Bundlers 15794 | -7/Scraptown | Visited Spacefarers 15813 | -7/Scraptown | Visited TADAMA 15840 | -7/Scraptown | Visited Red Mages 15857 | -7/Scraptown | Visited Awakened 15880 | -7/Scraptown | Visited Cyclists 16009 | -7/Scraptown | Visited UFD Registry 16009 | -7/Scraptown | Registered with UFD as "Spikecell" 16072 | -7/Scraptown | Entered Cyclist Reading Room 16202 | -7/Scraptown | Visited DA-N13 Charitable Foundation 16228 | -7/Scraptown | Found DCF Scrap (27 items) 16308 | -7/Scraptown | Visited Junk Cannon Lab 16366 | -7/Scraptown | Visited Sword Containment 16392 | -7/Scraptown | Visited Abandonware Association 16416 | -7/Scraptown | Learned abandonware demo "REPAIR.EXE" 16416 | -7/Scraptown | Learned abandonware demo "KABOOM.EXE" 16462 | -7/Scraptown | Visited Scrapoid Pod Storage 16488 | -7/Scraptown | Visited Scrapoid Research Area 16557 | -7/Scraptown | Delivered Scrap Shield to a Scientist 16729 | -7/Scraptown | Visited Scrap Suit Storage 16757 | -7/Scraptown | Visited Observation Area 16860 | -7/Scraptown | Visited LU-1G1's Boring Crew 16982 | -7/Scraptown | Visited Curators Association 17085 | -7/Scraptown | Found Prototype Slashing Weapon 17085 | -7/Scraptown | Identified Companion Sword 17167 | -7/Scraptown | Discovered new exit (range 3) 18216 | -7/Scraptown | Met Optimus 18216 | -7/Scraptown | Accepted into 0bPrime 18309 | -7/Scraptown | Entered Factory 18309 | -5/Factory | Evolved 10 slots: Propulsion x3, Utility x7 18312 | -5/Factory | Loaded intel: 3 garrison access locations 18340 | -5/Factory | Attached Flightbrick, gained temporary slots: Utility x3 18476 | -5/Factory | Fabricated Enh. Hardcell Cannon? 18954 | -5/Factory | Build established: Hacker-Ninja 19018 | -5/Factory | Identified exit to Upper Caves 19018 | -5/Factory | Identified exit to Extension 19041 | -5/Factory | Sucked down chute 19041 | -5/Factory | Entered Waste 19041 | -5/Waste | The area was eerily silent 19096 | -5/Waste | Discovered new exit (range 15) 19281 | -5/Waste | Identified exit to Factory 19311 | -5/Waste | Entered Factory 19690 | -5/Factory | Repaired Nanoactuators 19743 | -5/Factory | Repaired Fission Core+ 20008 | -5/Factory | Fabricated Lrn. Sensor Array (x2) 20025 | -5/Factory | Discovered exit to Extension (range 11) 20646 | -5/Factory | P-70 Sage assimilated allied B-60 Warrior 20648 | -5/Factory | P-70 Sage assimilated allied B-60 Warrior 20649 | -5/Factory | P-70 Sage assimilated allied B-60 Warrior 20670 | -5/Factory | System corruption reached 10% 20706 | -5/Factory | Lost 3 parts (1n1u1w) 20838 | -5/Factory | Repaired Lrn. Sensor Array 21020 | -5/Factory | Repaired Mic. Fission Core 21545 | -5/Factory | Loaded intel: 8 recycling unit locations 21566 | -5/Factory | Learned location of Protoforge (-2) 21880 | -5/Factory | Repaired Microactuators 22089 | -5/Factory | Fabricated CPS Tube (x1) 22506 | -5/Factory | Entered Upper Caves 22508 | -5/Upper Caves | UFD Scientist delivered a prototype 22509 | -5/Upper Caves | Found Prototype Protection 22509 | -5/Upper Caves | Identified Enh. Scrap Shield 22523 | -5/Upper Caves | Learned 4 Factory zone layouts 22734 | -5/Upper Caves | Learned Factory interactive machine intel 22833 | -5/Upper Caves | Encountered a Warlord checkpoint 23146 | -5/Upper Caves | Discovered new exit (range 14) 23150 | -5/Upper Caves | Identified exit to Upper Caves 23211 | -5/Upper Caves | Entered another Upper Caves area 23223 | -5/Upper Caves | Found DCF Scrap (13 items) 23259 | -5/Upper Caves | Spotted B-75 Beast 23464 | -5/Upper Caves | Discovered new exit (range 6) 23466 | -5/Upper Caves | Identified exit to Warlord 23634 | -5/Upper Caves | Learned location of 1 exit from Proximity Caves 23900 | -5/Upper Caves | Entered Warlord 23939 | -5/Warlord | System corruption cleaned by Quarantine Array 24171 | -5/Warlord | Rebuked by Warlord 24196 | -5/Warlord | Warlord's base attacked by MAIN.C 24226 | -5/Warlord | Found Prototype Device 24226 | -5/Warlord | Identified System Purifier 24233 | -5/Warlord | Found Prototype Hackware 24257 | -5/Warlord | Found Prototype Energy Gun 24257 | -5/Warlord | Identified Vortex Rifle 24262 | -5/Warlord | Found Prototype Piercing Weapon 24262 | -5/Warlord | Identified Vortex Lance 24275 | -5/Warlord | Found Vortex Lance 24397 | -5/Warlord | Warlord forces counterattacked 24511 | -5/Warlord | Opened side exit 24533 | -5/Warlord | Discovered new exit (range 15) 24563 | -5/Warlord | Spotted Executioner 24566 | -5/Warlord | Attached CPS modules to Executioner. 24590 | -5/Warlord | Destroyed Executioner 24616 | -5/Warlord | Lost 6 allies 24633 | -5/Warlord | Found Prototype Processor 24635 | -5/Warlord | Found Prototype Processor 24869 | -5/Warlord | Build established: Hacker-Assassin 24871 | -5/Warlord | Warlord base infiltrated, sounded retreat 24872 | -5/Warlord | Enhanced Grunt warped into view 24872 | -5/Warlord | Enhanced Grunt warped into view 24872 | -5/Warlord | Enhanced Grunt warped into view 24872 | -5/Warlord | Enhanced Demolisher warped into view 24872 | -5/Warlord | Enhanced Demolisher warped into view 24872 | -5/Warlord | Enhanced Demolisher warped into view 25047 | -5/Warlord | Lost 4 allies 25048 | -5/Warlord | Identified exit to Proximity Caves 25053 | -5/Warlord | Entered Proximity Caves 25053 | -4/Proximity Caves | Accompanied by 1 ally 25054 | -4/Proximity Caves | Identified exit to Factory 25214 | -4/Proximity Caves | Lost 4 allies 25284 | -4/Proximity Caves | Build established: Hacker-Ninja 26123 | -4/Proximity Caves | Attracted the attention of an 0b10 checkpoint 26255 | -4/Proximity Caves | Learned 4 Research zone layouts 26834 | -4/Proximity Caves | Entered Factory 26834 | -4/Factory | Evolved 2 slots: Propulsion x1, Utility x1 26835 | -4/Factory | Identified exit to Armory 26836 | -4/Factory | Identified exit to Research 26837 | -4/Factory | Loaded intel: 53 interactive machine locations 26853 | -4/Factory | Identified Ghost Barrier 26853 | -4/Factory | Identified Exp. Targeting Computer 27299 | -4/Factory | Identified Exp. Core Analyzer 27506 | -4/Factory | Lost 5 parts (1p3n1u) 27897 | -4/Factory | Discovered exit to Research (range 15) 27956 | -4/Factory | Build established: Scavenger-Ninja 27967 | -4/Factory | Discovered new exit (range 16) 28009 | -4/Factory | Sucked down chute 28009 | -4/Factory | Entered Waste 28010 | -4/Waste | Met a frightened Derelict 28016 | -4/Waste | Spotted C-40 Crusher 28016 | -4/Waste | Spotted C-40 Crusher 28024 | -4/Waste | EMP discharged 28024 | -4/Waste | System corruption reached 10% 28025 | -4/Waste | Spotted C-40 Crusher 28027 | -4/Waste | Spotted C-40 Crusher 28029 | -4/Waste | Crushed by Compactor (1 part destroyed, 1 dropped) 28034 | -4/Waste | Spotted C-40 Crusher 28035 | -4/Waste | Spotted C-40 Crusher 28049 | -4/Waste | Discovered new exit (range 10) 28052 | -4/Waste | Identified exit to Factory 28054 | -4/Waste | Entered Factory 28302 | -4/Factory | Found Prototype Hackware 28538 | -4/Factory | Discovered exit to Research (range 8) 28604 | -4/Factory | Core integrity fell below 50% 28610 | -4/Factory | Self-destructed Last Messages --------------- 28597_ Penetrated by Slug. 28597_ Imp. Linear Gravjet destroyed. 28597_ Penetrated by Slug. 28597_ Slug penetrates P-70 Sage. 28598_ Slug penetrates Wall. 28598_ Adv. Terrain Scanner destroyed. 28598_ Exp. Targeting Computer destroyed. 28600_ Penetrated by Slug. 28600_ Slug penetrates Wall. 28601_ System Shield destroyed. 28603_ Slug penetrates Wall. 28604_ ZS#X8X5|QNR8L3A VCS7YIPHCQN0FJ 28604_ Slug penetrates Wall. 28606_ Penetrated by Slug. 28606_ Slug penetrates Wall. 28607_ Lgt. Antimatter Reactor destroyed. 28608_ P-70 Sage destroyed. 28609_ Slug penetrates Wall. 28610_ Penetrated by Slug. [Achievement: I Was Wrong!] Map ----- +----------------------------------------------------+ | ?#?#??????# #??# ! #???????# ### | | #?????#??## [ #??# #??????## ##? | | ????#?###?# #??# ! #???????#+#?# | | ?#?######## ##?###############?????# ?? ?? | | ### ### #?##### ?? ??????????# ??? ? | | ]### ##?##?#???"" ???????????? ? | | < #?#####??"?"? ??????#???? ??? | | ### #??#?## ""?? ??#?????#?? ? ?" | | ### ### ##????? """? ?? ??? ??? "" | | ###??+##### #?##?## "?""? ##????? # ?? | | #?# ??# ##???????""? ? #??? ? #?? "" | | ##?? ?## #?????? ???????## ? ? + "" | | ### ?## ? / "?"? ?## ?##?#? "" | | ###? ## #######?#### "?""? ????###### | | #?#??? ? ## # ? ?## "??? ?## ###### | | ##? ? #? + ?? """??# ""?" ? ## ?########### | | #####?##### #? ? ???"??# """" ? ## ### | | ########### # ? ? ?? """? ??# | | #########?## ? ? ?+ | | #####h############ ? ? ??# | | #####h *] # ?? ?##### | | ![ ##?## #? ? ###### | | ! ##### #+############# p | | ##### # ^ | | ##### [#! | | ] + @/% | | ##### # =#! | | ##### # %# ^ | | ##### + #####;#####+############ | | ### ##+##### ## ####??#### | | ### # ## ## #########? | | ### # ## % ## """""" ########## | | ### # ? #########p###### """""" ########## | | ### # ###### [% ? # """""" ###?###### | | ##### # ###### ""%"""" # """""" ! ########## | | ##### #? ######?""""""? # ########## | | ##### # ? #?#### "?""""" # ########## | | # ###### """"""" # ! ########## | | ##### # ?###### ?? # ########## | | ##### # ?##### ?? # + +? | | ##### ###?###?#### ? # # # | | # #################/############### # | | ! # ^ #? "" | | + T ^ + "" | | # #? ?"" | | =# ##+####"#####"###+###"#"###+######## ? "? | | ####### ##### #" #??#? "" | | ######?## ##### ## * """ ###?? ??? | | #?##?#### #?#?# ## """ ###?##?#?? | | ######### ###?# ##""" """ ###?# ???? | +----------------------------------------------------+ Best States ------------- Heat Dissipation 43 Energy Generation 25 Energy Capacity 500 Matter Stores 300 Matter Capacity 300 Sight Range 23 Robot Scan Range 18 Terrain Scan Range 20 Terrain Scan Density 210 Jamming Range 16 Base Temperature (-) 200 Corruption Block 5 Armor Coverage 800 Melee Speed Boost 50 Evasion (%) 63 Targeting Accuracy 18 Core Analysis 8 Recoil Reduction 2 Salvage Targeting 3 Offensive Hacking 30 Defensive Hacking 24 Authchip Count 1 Item Schematics ----------------- Lrn. Sensor Array | -5/Factory | Hacked CPS Tube | -5/Factory | Scanalyzed Enh. Hardcell Cannon | -5/Factory | Scanalyzed Lyr. Light Armor Plating | -5/Factory | Scanalyzed Adv. Reaction Control System | -5/Factory | Hacked Cld. Plasma Rifle | -5/Factory | Scanalyzed Exp. Targeting Computer | -4/Factory | Scanalyzed Robot Schematics ------------------ None Fabricated ------------ Enh. Hardcell Cannon | x2 | -5/Factory | Preloaded Lrn. Sensor Array | x2 | -5/Factory CPS Tube | x1 | -5/Factory | Authchip Repaired ---------- Nanoactuators | 15% | -5/Factory Fission Core | 47% | -5/Factory Lrn. Sensor Array | 14% | -5/Factory Mic. Fission Core | 51% | -5/Factory Microactuators | 12% | -5/Factory Studied --------- Fission Core | -5/Factory | Hacked Imp. Surge Thruster | -5/Factory | Hacked Hvy. Rocket Launcher | -5/Factory | Hacked Alien Tech Used ----------------- None Achievements -------------- I Was Wrong! Universal Adapter Challenges ------------ None Game ------ Seed DroneProjectileCore Manual? 0 Play Time 03:10:27 Cumulative 277.4 hours Start 2026.01.07 @ 13:45:48 End 2026.01.07 @ 19:36:07 Sessions 5 Manual Loads 0 Difficulty Rogue Special Mode None Game No. 354 Rogue 353 Adventurer 1 Explorer 0 Win Type - Total 2 Types 1/0/0/1/0/0/0/0/0/0 Lore% 76 Gallery% 67 Achievement% 56 Wizard Run 0 Options --------- Layout 0 ASCII 0 Keyboard 0 Movement Numpad Keybinds 0 Fullscreen 2 Font 24/Smallcaps Map View 76x50 Zoom Use 0% Tactical HUD 1 Map Filters NONE Filters NONE Steam 1 RUN: 96c03d4d-8020-45f3-8897-fbebbd1ad3c4